 Dungeon Crawl Stone Soup version 0.31-a0-559-g03b8d61ab2 (webtiles) character file.

Game seed: 5533447649035296477

16590 AdnanSaban the Basher (level 12, 0/77 HPs)
             Began as a Gargoyle Fighter on Aug 17, 2023.
             Was a High Priest of Okawaru.
             Slain by a vampire (6 damage)
             ... on level 12 of the Dungeon.
             The game lasted 00:17:37 (11518 turns).

AdnanSaban the Basher (Gargoyle Fighter)           Turns: 11518, Time: 00:17:37

Health: 0/77       AC: 32    Str: 31    XL:     12   Next: 39%
Magic:  12/14      EV:  8    Int:  9    God:    Okawaru [*****.]
Gold:   758        SH:  0    Dex: 12    Spells: 11/11 levels left

rFire   + + +        Q - +6 flail (drain)
rCold   . . .        w - +0 kite shield
rNeg    + . .        J - +0 plate armour
rPois   ∞            L - +2 helmet "Uhaoqiux" {rF+++ Will- Dex+5 Stlth-}
rElec   +            n - +0 cloak
rCorr   .            N - +0 pair of gloves
SInv    .            e - +1 pair of boots
Will    .....        (no amulet) Stlth
                     p - +4 ring of slaying
HPRegen 0.32/turn    h - +6 ring of strength
MPRegen 0.14/turn

%: no passive effects
@: confused, slowed, very slow
A: sickness immunity, AC +8, negative energy resistance 1, electricity
resistance, torment resistance 1, petrification resistance, clumsy 1
a: Renounce Religion, Heroism, Finesse, Duel


You were on level 12 of the Dungeon.
You worshipped Okawaru.
Okawaru was extremely pleased with you.
You visited 2 branches of the dungeon, and saw 13 of its levels.
You also visited: Gauntlet.

You collected 758 gold pieces.

Inventory:

Hand Weapons
 D - a +2 flail of draining
 Q - a +6 flail of draining (weapon)
Missiles
 f - 69 poisoned darts (quivered)
 k - 9 boomerangs
 E - 3 throwing nets
 M - 8 javelins
Armour
 e - a +1 pair of boots (worn)
 n - a +0 cloak (worn)
 w - a +0 kite shield (worn)
 y - a +0 helmet
 J - a +0 plate armour (worn)
 L - the +2 helmet "Uhaoqiux" (worn) {rF+++ Will- Dex+5 Stlth-}
   (You found it in a Gauntlet)

   Dex+5:     It affects your dexterity (+5).
   rF+++:     It renders you almost immune to fire.
   Will-:     It decreases your willpower.
   Stlth-:    It makes you less stealthy.
 N - a +0 pair of gloves (worn)
Jewellery
 h - a +6 ring of strength (right hand)
 p - a +4 ring of slaying (left hand)
 u - a ring of protection from fire
 K - a ring of see invisible
Wands
 G - a wand of quicksilver (15)
Scrolls
 b - a scroll of summoning {unknown}
 g - a scroll of brand weapon {unknown}
 l - 10 scrolls of teleportation {unknown}
 m - 3 scrolls of fog {unknown}
 o - 3 scrolls of blinking {unknown}
 r - 4 scrolls of fear {unknown}
 s - 13 scrolls of identify {unknown}
 t - 2 scrolls of enchant armour {unknown}
 v - a scroll of noise {unknown}
 x - a scroll of torment {unknown}
 A - a scroll of vulnerability {unknown}
 C - 2 scrolls of revelation {unknown}
 F - 2 scrolls of poison {unknown}
 I - a scroll of amnesia {unknown}
Potions
 a - 3 potions of mutation
 c - a potion of invisibility {unknown}
 d - 3 potions of might
 i - 2 potions of cancellation {unknown}
 j - 3 potions of degeneration {unknown}
 q - 8 potions of curing {unknown}
 z - 4 potions of haste {unknown}
 B - a potion of enlightenment {unknown}
 H - 4 potions of heal wounds {unknown}
 O - a potion of lignification {unknown}
 P - 2 potions of magic {unknown}


   Skills:
 + Level 9.7 Fighting
 + Level 12.6 Maces & Flails
 + Level 1.6 Throwing
 + Level 10.6 Armour
 + Level 3.7 Dodging
 + Level 2.2 Stealth
 + Level 8.7 Shields
 * Level 3.0 Invocations


You had 11 spell levels left.
You didn't know any spells.
Your spell library contained the following spells:

 Spells                   Type           Power      Damage    Failure   Level
 Ensorcelled Hibernation  Hex/Ice        0%         N/A       100%        2
 Passwall                 Tmut/Erth      0%         N/A       100%        2
 Frozen Ramparts          Ice            0%         1d1       100%        3
 Hailstorm                Conj/Ice       0%         3d3       100%        3
 Ozocubu's Armour         Ice            0%         N/A       100%        3
 Swiftness                Air            0%         N/A       100%        3
 Manifold Assault         Tloc           0%         N/A       100%        4
 Passage of Golubria      Tloc           0%         N/A       100%        4
 Petrify                  Tmut/Erth      0%         N/A       100%        4
 Irradiate                Conj/Tmut      0%         3d11      100%        5
 Yara's Violent Unravell  Hex/Tmut       0%         3d3       100%        5
 Dispersal                Tloc           0%         N/A       100%        6
 Orb of Destruction       Conj           0%         9d5       100%        7
 Ozocubu's Refrigeration  Ice            0%         4d7       100%        7
 Disjunction              Tloc           0%         N/A       100%        8
 Polar Vortex             Ice            0%         N/A       100%        9
 Sublimation of Blood     Necr           Unusable   N/A       N/A         2
 Summon Guardian Golem    Hex/Summ       Unusable   N/A       N/A         3
 Tukima's Dance           Hex            Unusable   N/A       N/A         3
 Summon Ice Beast         Ice/Summ       Unusable   N/A       N/A         4
 Simulacrum               Ice/Necr       Unusable   N/A       N/A         6
 Spellforged Servitor     Conj/Summ      Unusable   N/A       N/A         7

Dungeon Overview and Level Annotations

Branches:
Dungeon (12/15)            Temple (1/1) D:7            Lair (0/5) D:9
    Orc (0/2) D:10        Gauntlet (visited)

Altars:
Ashenzari
Cheibriados
Dithmenos
Elyvilon
Fedhas
Gozag
Hepliaklqana
Kikubaaqudgha
Makhleb
Nemelex Xobeh
Okawaru
Qazlal
Ru
Sif Muna
Trog
Uskayaw
Vehumet
Wu Jian
Xom
Yredelemnul
Zin
The Shining One

Shops:
D:4 !   D:10 !!


Innate Abilities, Weirdness & Mutations

You are immune to sickness and miasma.
Your stone body is resilient. (AC +8)
You are immune to poison.
You resist negative energy. (rN+)
You are resistant to electric shocks. (rElec)
You are resistant to unholy torment.
You are immune to petrification.
You are clumsy. (Dex -2)


Message History

Unknown command.
Unknown command.
You hit Kirke. You drain Kirke.
Kirke is severely wounded.
The sphinx barely misses you.
The sphinx hits you but does no damage. x2
Kirke hits you but does no damage. You block the manticore's attack. x2
The manticore misses you.
You sock Kirke!
Kirke is almost dead.
You block the sphinx's attack. The sphinx hits you but does no damage.
You block the sphinx's attack. Kirke casts a spell at you.
You feel as though you will be slow longer.
The manticore barely misses you. The manticore closely misses you.
The manticore barely misses you. You block the sphinx's attack. x2
The sphinx hits you but does no damage.
You closely miss Kirke.
Kirke is almost dead.
Kirke looks more healthy.
You block Kirke's attack.
The manticore bites you but does no damage.
The manticore barely misses you. The manticore claws you.
* * * LOW HITPOINT WARNING * * *
The sphinx closely misses you. You block the sphinx's attack. x2
You bludgeon Kirke!!
You kill Kirke!
Okawaru is honoured by your kill. Okawaru grants you a weapon!
Something appears at your feet!
You see here a +6 flail of draining.
The manticore disappears in a puff of smoke!
The sphinx disappears in a puff of smoke!
You hear some strange, mumbled words.
You are confused.
Your Invocations skill increases to level 3!
You feel like a meek peon again. Something hits you but does no damage.
Something bites you but does no damage.
Okay, then.
You sense an unholy aura.
Q - a +6 flail of draining (weapon)
Something hits you.
You die...

.#.# #..#......#..#.........#.
.+.# #..'......#..#.........#.
.#.######..#......#..#.........#.
.#.........#......##.#.........#.
.'.........#.......#.#########'#.
.#####.....#.......#.............
.....#.....#########.............
.....#.........§.........########
.#####..........@†.......#.......
.#....<..[.#######(......#..>....
.#.........# #.(.....#.......
.#.........# #.......#.......
.#.........# #.......#.......
.#####.....# #.....(.#.....##
.....#.....# #.......####'##.
.....#.....# #...............
######.....# #.......######'#


There were no monsters in sight!

Vanquished Creatures
  Kirke (D:12)
  A minotaur (Gauntlet)
  A two-headed ogre (D:9)
  Pikel (D:8)
  A deep elf pyromancer (D:12)
  3 ugly things
  2 manticores
  A cyclops (D:12)
  A gargoyle (D:11)
  2 unseen horrors (D:10)
  A kobold demonologist (D:12)
  A komodo dragon (D:12)
  A wolf spider simulacrum (Gauntlet)
  3 hornets
  Grinder (D:4)
  A large abomination (Gauntlet)
  A wraith (D:11)
  A wyvern (D:9)
  13 yaks
  6 hogs
  A vampire (D:10)
  A steam dragon (D:7)
  4 vampire mosquitoes
  A neqoxec (Gauntlet)
  Menkaure (D:4)
  A basilisk (D:11)
  A harpy simulacrum (Gauntlet)
  5 orc warriors
  3 ice beasts
  2 sky beasts
  2 black bears
  A meliai simulacrum (Gauntlet)
  2 ogres
  3 centaurs
  2 phantoms
  A lemure (D:8)
  7 kobold brigands
  3 bullfrogs (D:9)
  2 gnoll sergeants
  A scorpion (D:7)
  12 wights
  4 killer bees (D:8)
  An electric eel (D:8)
  2 howler monkeys
  2 orc priests (D:8)
  3 jellies
  2 gnoll boudas (D:9)
  A sleepcap (D:6)
  3 iguanas
  3 orc wizards
  4 small abominations (Gauntlet)
  8 adders
  13 gnolls
  A shadow imp (D:8)
  A white imp (D:7)
  3 worms
  A dart slug (D:1)
  34 orcs
  A bat (D:1)
  9 endoplasms
  4 giant cockroaches
  2 goblins
  4 hobgoblins
  4 jackals
  21 kobolds
  4 quokkas
  4 ball pythons
  2 frilled lizards
  3 rats
243 creatures vanquished.

Notes
Turn   | Place    | Note
-------+----------+-------------------------------------------
     0 | D:1      | AdnanSaban the Gargoyle Fighter began the quest for the
                  | Orb.
     0 | D:1      | Reached XP level 1. HP: 14/14 MP: 1/1
   197 | D:1      | Reached XP level 2. HP: 19/19 MP: 2/2
   424 | D:1      | Got the Discursus on Freezing
   721 | D:2      | Reached XP level 3. HP: 23/23 MP: 3/3
   916 | D:2      | Found a faded altar of an unknown god.
  1022 | D:2      | Reached XP level 4. HP: 29/29 MP: 4/4
  1509 | D:3      | Reached skill level 3 in Maces & Flails
  1748 | D:3      | Found a white marble altar of Elyvilon.
  2148 | D:3      | Reached XP level 5. HP: 33/33 MP: 5/5
  2348 | D:4      | Found Zoel's Distillery.
  2475 | D:4      | Noticed Grinder
  2485 | D:4      | Paralysed by Grinder for 5 turns
  2501 | D:4      | Paralysed by Grinder for 5 turns
  2506 | D:4      | Killed Grinder
  2507 | D:4      | Reached skill level 4 in Maces & Flails
  2507 | D:4      | Reached skill level 1 in Dodging
  2507 | D:4      | Reached XP level 6. HP: 28/39 MP: 6/6
  2623 | D:4      | Noticed Menkaure
  2629 | D:4      | Killed Menkaure
  2630 | D:4      | Reached XP level 7. HP: 23/44 MP: 7/7
  2800 | D:5      | Entered Level 5 of the Dungeon
  2843 | D:5      | Found a stormy altar of Qazlal.
  2964 | D:5      | Reached skill level 5 in Maces & Flails
  2964 | D:5      | Reached skill level 5 in Armour
  3076 | D:5      | Identified the +1 robe of Iwegg {rC+ Str+2 Dex+2}
  3472 | D:5      | Reached skill level 1 in Throwing
  3998 | D:6      | Reached skill level 6 in Maces & Flails
  3998 | D:6      | Reached XP level 8. HP: 48/48 MP: 8/8
  4137 | D:6      | Reached skill level 5 in Fighting
  4391 | D:6      | Reached skill level 1 in Stealth
  4639 | D:6      | Found a burning altar of Makhleb.
  4639 | D:6      | Found a shadowy altar of Dithmenos.
  4805 | D:6      | Reached skill level 7 in Maces & Flails
  4872 | D:7      | Found a blossoming altar of Fedhas.
  5066 | D:7      | Found a basalt altar of Yredelemnul.
  5116 | D:7      | Reached skill level 8 in Maces & Flails
  5116 | D:7      | Reached skill level 5 in Shields
  5116 | D:7      | Reached XP level 9. HP: 54/54 MP: 9/9
  5290 | D:7      | Found a staircase to the Ecumenical Temple.
  5302 | D:7      | Noticed a brown ugly thing
  5346 | D:8      | Noticed Pikel
  5387 | D:8      | Killed Pikel
  5500 | D:8      | Found a shimmering altar of Xom.
  5503 | D:8      | Found a broken altar of Ashenzari.
  5503 | D:8      | Found a glowing silver altar of Zin.
  5505 | D:8      | Found a shimmering altar of Xom.
  5505 | D:8      | Found an ornate altar of the Wu Jian Council.
  5505 | D:8      | Found a glowing golden altar of the Shining One.
  5795 | D:8      | Reached skill level 9 in Maces & Flails
  5972 | D:8      | Reached XP level 10. HP: 54/61 MP: 10/10
  5982 | D:7      | Found a broken altar of Ashenzari.
  5982 | D:7      | Found a radiant altar of Vehumet.
  6101 | Temple   | Entered the Ecumenical Temple
  6119 | Temple   | Became a worshipper of Warmaster Okawaru
  6987 | D:9      | Reached * piety under Okawaru
  7286 | D:8      | Reached skill level 10 in Maces & Flails
  7331 | D:9      | Reached ** piety under Okawaru
  7708 | D:9      | Noticed a two-headed ogre
  7709 | D:9      | Found a staircase to the Lair.
  7727 | D:9      | Killed a two-headed ogre
  7914 | D:10     | Entered Level 10 of the Dungeon
  7999 | D:10     | Reached XP level 11. HP: 58/68 MP: 11/11
  8018 | D:10     | Reached *** piety under Okawaru
  8625 | D:10     | Reached skill level 11 in Maces & Flails
  8685 | D:10     | Found Xeczaliovo's Distillery.
  8704 | D:10     | Found Keuvont's Distillery.
  8772 | D:10     | Found a staircase to the Orcish Mines.
  9092 | D:7      | Killed a brown ugly thing
  9218 | D:11     | Noticed a cyan ugly thing
  9226 | D:11     | Killed a cyan ugly thing
  9226 | D:11     | Reached **** piety under Okawaru
  9314 | D:11     | Found a gate leading to a gauntlet.
  9346 | Gauntlet | Entered a Gauntlet
  9346 | Gauntlet | Found a transporter.
  9346 | Gauntlet | Found a transporter.
  9468 | Gauntlet | Found a transporter.
  9471 | Gauntlet | Found a transporter.
  9491 | Gauntlet | Found a transporter.
  9504 | Gauntlet | Found a transporter.
  9557 | Gauntlet | Found a transporter.
  9557 | Gauntlet | Found a transporter.
  9560 | Gauntlet | Found a transporter.
  9583 | Gauntlet | Found a transporter.
  9595 | Gauntlet | Found a runed translucent door.
  9599 | Gauntlet | Found a transporter.
  9600 | Gauntlet | Noticed a minotaur
  9606 | Gauntlet | Noticed a wretched star
  9607 | Gauntlet | Found a runed translucent door.
  9609 | Gauntlet | Found a transporter.
  9611 | Gauntlet | Found a runed translucent door.
  9627 | Gauntlet | Found a transporter.
  9652 | Gauntlet | Found a transporter.
  9771 | Gauntlet | Gained mutation: You are clumsy. (Dex -2) [a neqoxec]
  9851 | Gauntlet | Identified the +2 helmet "Uhaoqiux" {rF+++ Will- Dex+5
                  | Stlth-}
  9911 | Gauntlet | Identified the staff "Oraliw" {*Corrode rPois rN+ SInv
                  | Necro}
  9933 | Gauntlet | Killed a minotaur
 10096 | D:11     | Noticed a manticore
 10107 | D:11     | Killed a manticore
 10108 | D:11     | Reached skill level 12 in Maces & Flails
 10108 | D:11     | Reached skill level 10 in Armour
 10417 | D:12     | Noticed a manticore
 10424 | D:12     | Killed a manticore
 10424 | D:12     | Reached ***** piety under Okawaru
 10466 | D:12     | Noticed a cyclops
 10478 | D:12     | Killed a cyclops
 10479 | D:12     | Reached XP level 12. HP: 70/76 MP: 12/12
 10565 | D:12     | Reached skill level 1 in Invocations
 10664 | D:12     | Noticed Kirke
 11505 | D:12     | Noticed a sphinx
 11506 | D:12     | Paralysed by a sphinx for 5 turns
 11516 | D:12     | Killed Kirke
 11516 | D:12     | Received a gift from Okawaru
 11518 | D:12     | Slain by a vampire

Illustrated notes

Levels and vault maps discovered:
D:1:      dpeg_arrival_round_c, layout_loops_ring, item_on_display_a
D:2:      layout_loops_cross, shapermc_ecumenical_altar_mp_urbaneastern,
          minmay_diced_spiral
D:3:      layout_loops_cross, elyvilon_altar_4
D:4:      layout_basic, serial_shops, shop_statue, dreamdust_wishing_well,
          grunt_ministairs_10, uniq_menkaure, uniq_grinder
D:5:      layout_basic, mainiacjoe_overflow_six_doors_small
D:6:      layout_loops_corners, gammafunk_temple_overflow_wave,
          hangedman_decor_clover_reticule
D:7:      layout_basic, yredelemnul_altar_generic, fedhas_altar_fruit_tree,
          nicolae_overflow_hidden_temple, minmay_temple_entry_drinking_statues,
          minmay_misc_feat_diagonals, serial_park_tiny_1
D:8:      layout_loops_ring, doesnt_xom_only_xom, minmay_crystal_water,
          uniq_pikel
D:9:      minmay_spotlight, layout_basic, grunt_lair_entry_orc_guard_hut
D:10:     layout_loops_cross, hiddenorc1_lemuel, serial_shops,
          nicolae_shop_temple_entry_statues_fountains, shop
D:11:     layout_rooms, gauntlet_entry_generic
D:12:     layout_irregular_city, uniq_kirke
Temple:   hellmonk_temple_forest_ring

Skill      XL: |  1  2  3  4  5  6  7  8  9 10 11 12 |
---------------+-------------------------------------+-----
Maces & Flails | 3 4 6 8 9 10 12 | 12.6
Armour         | 4 5 6 7 8 10 | 10.6
Fighting       | 4 5 6 8 9 |  9.7
Dodging        | 1 2 3 |  3.7
Shields        | 4 5 6 7 8 |  8.7
Throwing       | 1 |  1.6
Stealth        | 1 2 |  2.2
Invocations    | 3 |  3.0

Action                     |  1- 3 |  4- 6 |  7- 9 | 10-12 || total
---------------------------+-------+-------+-------+-------++-------
  Melee: Flail             |    99 |    90 |    38 |   228 ||   455
         Whip              |       |       |   231 |   277 ||   508
         Unarmed           |       |       |       |     3 ||     3
  Throw: Boomerang         |       |     3 |       |       ||     3
         Dart              |       |     2 |     2 |    10 ||    14
 Invoke: Heroism           |       |       |       |     2 ||     2
 Armour: Scale mail        |    55 |    47 |    31 |       ||   133
         Chain mail        |       |       |    60 |    54 ||   114
         Plate armour      |       |       |       |   253 ||   253
  Dodge: Dodged            |    39 |    29 |    65 |   129 ||   262
  Block: Buckler           |    20 |     1 |       |       ||    21
         Kite shield       |       |    28 |    89 |   196 ||   313

Table legend: (Time is in decaauts)
 A = Elapsed time spent in this place.
 B = Non-inter-level travel time spent in this place.
 C = Inter-level travel time spent in this place.
 D = Time resting spent in this place.
 E = Time spent auto-exploring this place.
 F = Levels seen in this place.
 G = Mean time per level.
                   A        B        C        D        E       F      G
               +--------+--------+--------+--------+--------+-----+--------+
         Total |  11407 |  10858 |    549 |    487 |   7814 |  14 |  814.8 |
       Dungeon |  10756 |  10241 |    515 |    367 |   7763 |  12 |  896.3 |
        Temple |     36 |      2 |     34 |      0 |      0 |   1 |   36.0 |
      Gauntlet |    614 |    614 |      0 |    120 |     51 |   1 |  614.0 |
               +--------+--------+--------+--------+--------+-----+--------+

Top non-repeatable levels by time:
     D:8: 1462 daAuts
     D:6: 1079 daAuts
    D:10: 990 daAuts
     D:5: 944 daAuts
     D:9: 940 daAuts
    D:12: 930 daAuts
     D:7: 820 daAuts
     D:2: 815 daAuts
     D:3: 771 daAuts
    D:11: 726 daAuts
     D:1: 720 daAuts
Gauntlet: 614 daAuts
     D:4: 555 daAuts
  Temple: 36 daAuts
